 Dungeon Sprint DCSS version 0.23-a0-629-gae4348f (webtiles) character file.

68 Lanoc the Carver (level 8, -1/80 HPs)
             Began as a Minotaur Fighter on Dec 27, 2018.
             Was an Elder of Okawaru.
             Slain by an earth elemental (22 damage)
             ... in the Dungeon (Sprint VI: "Thunderdome").
             The game lasted 00:07:21 (542 turns).

Lanoc the Carver (Minotaur Fighter)                  Turns: 542, Time: 00:07:22

Health: -1/80      AC: -10   Str: 29    XL:     8   Next: 31%
Magic:  6/7        EV: 14    Int:  5    God:    Okawaru [****..]
Gold:   165        SH:  0    Dex:  9    Spells: 7/7 levels left

rFire    + . .     SeeInvis +   a - +0 long sword
rCold    . . .     Gourm    .   (no shield)
rNeg     . . .     Faith    .   b - +0 scale mail
rPois    +         Spirit   .   (helmet restricted)
rElec    +         Reflect  .   (no cloak)
rCorr    .         Harm     .   (no gloves)
MR       .....     NoTele   +   (no boots)
Stlth    ..........             (no amulet)
HPRegen  0.23/turn              q - ring of Compassion {rElec AC-3} (curse)
MPRegen  0.10/turn              p - ring "Bugaptiq" {rElec rPois rF+ SInv}

@: mighty, corroded, hasted, very quick
A: retaliatory headbutt, horns 2
a: Heroism, Renounce Religion


You were in the Dungeon.
You worshipped Okawaru.
Okawaru was greatly pleased with you.
You were not hungry.

You visited 1 branch You collected 300 gold pieces.
You spent 135 gold pieces at shops.

Inventory:

Hand Weapons
 a - a +0 long sword (weapon)
Armour
 b - a +0 scale mail (worn)
Jewellery
 j - the ring of Zurrep Jemo {rPois rF- rN+ MR+++ Int-5}
   (You bought it in a shop in the Dungeon)

   [ring of positive energy]

   It affects your intelligence (-5).
   It makes you vulnerable to fire.
   It protects you from poison.
   It protects you from negative energy.
   It affects your resistance to hostile enchantments.
 p - the ring "Bugaptiq" (right hand) {rElec rPois rF+ SInv}
   (You bought it in a shop in the Dungeon)

   [ring of protection from fire]

   It protects you from fire.
   It insulates you from electricity.
   It protects you from poison.
   It lets you see invisible.
 q - the cursed ring of Compassion (left hand) {rElec AC-3}
   (You bought it in a shop in the Dungeon)

   [ring of protection]

   It affects your AC (-3).
   It insulates you from electricity.
   It has a curse placed upon it.
Wands
 m - a wand of acid (5)
 n - a wand of iceblast (5)
Scrolls
 k - 4 scrolls of blinking
 o - 3 scrolls of fog
Potions
 e - a potion of curing
 g - a potion of heal wounds
 h - 3 potions of haste
 i - 2 potions of magic
 l - a potion of resistance
Comestibles
 f - a ration


   Skills:
 + Level 10.5 Fighting
 * Level 13.6 Long Blades
 + Level 10.5 Armour
 + Level 9.0 Dodging
   Level 3.6 Shields


You had 7 spell levels left.
You didn't know any spells.
Your spell library was empty.

Dungeon Overview and Level Annotations

Branches:
Dungeon (1/1)

Altars:
Cheibriados
Dithmenos
Fedhas
Gozag
Kikubaaqudgha
Makhleb
Okawaru
Qazlal
Ru
Sif Muna
Trog
Uskayaw
Vehumet
Wu Jian
Xom
Yredelemnul
Zin
The Shining One
Beogh
Jiyva
Lugonu

Shops:
D *[%??*?*:[((!!!!


Innate Abilities, Weirdness & Mutations

You reflexively headbutt those who attack you in melee.
You have a pair of horns on your head.


Message History

The earth elemental is moderately damaged.
You hit the earth elemental. You headbutt the earth elemental!
The earth elemental is heavily damaged.
You hit the earth elemental but do no damage.
Your headbutt misses the earth elemental.
The earth elemental is heavily damaged.
The earth elemental hits you.
* * * LOW HITPOINT WARNING * * *
You completely miss the earth elemental.
The earth elemental is heavily damaged.
You hit the earth elemental but do no damage.
The earth elemental is heavily damaged.
You hit the earth elemental but do no damage.
You headbutt the earth elemental, but do no damage.
The earth elemental is heavily damaged.
You hit the earth elemental.
You headbutt the earth elemental, but do no damage.
The earth elemental is severely damaged.
The earth elemental hits you!!
You die...

##.....## ##∩.....∩##
#∩.......∩# #_......._#
#_........# #_......._#
###.........### #⌠...........⌠#
######.8..@E.....8.######
##∩___......###......_._∩##
###∩........8.# #.8........∩##
##.............###[............
#⌠..........###...###..........
#⌠..........# #.<.# #.5........
#⌠..........###...###..........
##..........5E.###.............
###∩........8.# #.8........∩##


You could see an earth elemental.

Vanquished Creatures
  A rust devil (D)
  A gargoyle (D)
  A wraith (D)
  2 porcupines (D)
  4 scorpions (D)
  4 iron imps (D)
  3 river rats (D)
  2 spectral adders (D)
  A spectral bat (D)
  A giant cockroach (D)
  A quokka (D)
  2 spectral giant cockroaches (D)
23 creatures vanquished.

Notes
Turn   | Place    | Note
-------+----------+-------------------------------------------
     0 | D        | Lanoc the Minotaur Fighter began the quest for the Orb.
     0 | D        | Reached XP level 1. HP: 19/19 MP: 0/0
     4 | D        | Found an ancient bone altar of Kikubaaqudgha.
     4 | D        | Found a sacrificial altar of Ru.
     5 | D        | Round 1.
    12 | D        | Found a shadowy altar of Dithmenos.
    12 | D        | Found a roughly hewn altar of Beogh.
    13 | D        | Found a basalt altar of Yredelemnul.
    13 | D        | Found a hide-covered altar of Uskayaw.
    13 | D        | Found Jerere's Staff Store.
    13 | D        | Found Only's Magic Scroll Shop.
    14 | D        | Found Ofuleluxea's Must-Have Magic.
    14 | D        | Found Ehacoem's Magic Scroll Shop.
    17 | D        | Found a blossoming altar of Fedhas.
    18 | D        | Found Ocell's Distillery.
    19 | D        | Found Vekusap's Distillery.
    19 | D        | Found Nuclin's Bottled Wisdom.
    19 | D        | Found a shimmering altar of Xom.
    19 | D        | Found a glowing silver altar of Zin.
    19 | D        | Found a deep blue altar of Sif Muna.
    19 | D        | Found Tenles's Do-It-Yourself Clinic.
    24 | D        | Found a stormy altar of Qazlal.
    25 | D        | Found a glowing golden altar of the Shining One.
    26 | D        | Found Lueryph Ypos's Weapon Rack.
    27 | D        | Found an iron altar of Okawaru.
    27 | D        | Found an ornate altar of the Wu Jian Council.
    27 | D        | Found an opulent altar of Gozag.
    27 | D        | Found Xarul's Premium Goods.
    27 | D        | Found Ixaimu's Basic Armour.
    27 | D        | Found Satitu's Miscellaneous Merchandise.
    31 | D        | Found a corrupted altar of Lugonu.
    35 | D        | Became a worshipper of Warmaster Okawaru
    37 | D        | Found a bloodstained altar of Trog.
    37 | D        | Found a radiant altar of Vehumet.
    38 | D        | Found Liodup's Identification Station.
    39 | D        | Found Xuidd's Advanced Armour.
    39 | D        | Found Peedegh's Jewellery.
    40 | D        | Found a burning altar of Makhleb.
    40 | D        | Found a viscous altar of Jiyva.
    40 | D        | Found a snail-covered altar of Cheibriados.
    40 | D        | Found Yzeas's Delicious Food.
    87 | D        | Reached skill level 4 in Long Blades
    87 | D        | Reached skill level 1 in Dodging
    87 | D        | Reached XP level 2. HP: 27/28 MP: 1/1
    90 | D        | Noticed a porcupine
    90 | D        | Noticed a porcupine
    97 | D        | Killed a porcupine
    97 | D        | Reached * piety under Okawaru
    97 | D        | Reached skill level 7 in Long Blades
    97 | D        | Reached XP level 3. HP: 31/37 MP: 2/2
    97 | D        | Reached XP level 4. HP: 38/44 MP: 3/3
    99 | D        | Killed a porcupine
    99 | D        | Reached skill level 9 in Long Blades
    99 | D        | Reached skill level 5 in Dodging
    99 | D        | Reached XP level 5. HP: 45/52 MP: 4/4
   131 | D        | Arena points: 14 (+14) [x2]
   153 | D        | Bought a scorched lapis lazuli ring for 45 gold pieces
   153 | D        | Bought a translucent turquoise ring for 45 gold pieces
   161 | D        | Lost intelligence.
   161 | D        | Identified the ring of Zurrep Jemo {rPois rF- rN+ MR+++
                  | Int-5} (You bought it in a shop in the Dungeon)
   165 | D        | Identified the ring "Bugaptiq" {rElec rPois rF+ SInv} (You
                  | bought it in a shop in the Dungeon)
   166 | D        | Round 2.
   181 | D        | Reached ** piety under Okawaru
   181 | D        | Reached XP level 6. HP: 54/61 MP: 5/5
   194 | D        | Reached skill level 10 in Long Blades
   225 | D        | Reached skill level 11 in Long Blades
   268 | D        | Arena points: 26 (+12) [x1]
   276 | D        | Bought a faintly glowing wooden ring for 45 gold pieces
   276 | D        | Identified the cursed ring of Compassion {rElec AC-3} (You
                  | bought it in a shop in the Dungeon)
   283 | D        | Round 3.
   406 | D        | Noticed a wraith
   420 | D        | Killed a wraith
   420 | D        | Arena points: 68 (+42) [x2]
   420 | D        | Reached XP level 7. HP: 25/70 MP: 6/6
   469 | D        | Round 4.
   471 | D        | Noticed a rust devil
   471 | D        | Noticed a gargoyle
   514 | D        | HP: 1/70 [gargoyle/+0 mace (14)]
   521 | D        | Killed a rust devil
   521 | D        | Reached *** piety under Okawaru
   521 | D        | Reached skill level 12 in Long Blades
   523 | D        | Killed a gargoyle
   523 | D        | Reached **** piety under Okawaru
   523 | D        | Reached skill level 10 in Fighting
   523 | D        | Reached skill level 13 in Long Blades
   523 | D        | Reached skill level 10 in Armour
   523 | D        | Reached XP level 8. HP: 24/80 MP: 5/7
   542 | D        | Slain by an earth elemental

Vault maps used:
D:        arena_sprint

Skill      XL: |  1  2  3  4  5  6  7  8 |
---------------+-------------------------+-----
Fighting       | 4 6 7 9 10 | 10.5
Long Blades    | 4 7 9 11 13 | 13.6
Armour         | 4 6 7 9 10 | 10.5
Dodging        | 1 4 5 7 8 9 |  9.0
Shields        | |  3.6

Action                   |  1- 3 |  4- 6 |  7- 9 || total
-------------------------+-------+-------+-------++-------
Melee: Long sword        |    10 |    31 |    32 ||    73
       Headbutt          |     1 |    12 |    14 ||    27
       Punch             |       |       |     1 ||     1
Invok: Heroism           |       |       |     1 ||     1
  Use: Potion            |     3 |       |     3 ||     6
Armor: Scale mail        |     3 |     2 |       ||     5
Dodge: Dodged            |    13 |    22 |    15 ||    50
       Rpst.: Long sword |     5 |     6 |     4 ||    15

Table legend:
 A = Non-vault XP
 B = Vault XP
 C = Vault XP percentage of total XP
 D = Non-vault monster count
 E = Vault monster count
 F = Vault count percentage of total count
                 A         B        C        D         E       F
            +---------+---------+-------+---------+---------+-------
      Total |    1861 |       0 |   0.0 |      23 |       0 |   0.0
            +---------+---------+-------+---------+---------+-------
          D |    1861 |       0 |   0.0 |      23 |       0 |   0.0
            +---------+---------+-------+---------+---------+-------
